AoeStats
← RedStallion1713

African Clearing

504943903Analyzed
2v2 RM · 24d ago on Sep 7, 2026· 62m 35s· 4 players
Game mode
Random Map
Map size
Medium (4 player)
Population
200
Speed
Normal
Resources
Standard
Victory
Conquest
Starting age
Dark Age
Ending age
Imperial Age
RankedLock teamsTeams togetherTeam positionsShared explorationLock speedFull tech treeHidden civsTurbo modeCheats
Victory
Defeat
🇺🇸 Lithuanians · United States
870
+15
🇺🇸 Persians · United States
847
+16
🇺🇸 Byzantines · United States
904
-17
🇺🇸 Goths · United States
801
-14
RedStallion1713
3:18 Loom
14:14 Feudal Age
18:41 Castle Age
16:37 Double-Bit Axe
17:38 Horse Collar
32:57 Wheelbarrow
33:37 Heavy Plow
34:15 Hand Cart
41:52 Imperial Age
39:44 Anarchy
41:26 Squires
40:47 Pikeman
42:49 Forging
42:40 Scale Mail Armor
42:19 Elite Huskarl
44:32 Iron Casting
43:29 Halberdier
46:55 Crop Rotation
47:33 Chain Mail Armor
48:18 Blast Furnace
ChocoThunder
16:21 Feudal Age
14:37 Loom
17:08 Double-Bit Axe
21:33 Castle Age
22:18 Scale Barding Armor
23:17 Horse Collar
31:27 Bow Saw
32:03 Squires
31:23 Pikeman
32:28 Chain Barding Armor
31:58 Fletching
32:34 Chain Barding Armor
37:12 Wheelbarrow
36:45 Husbandry
37:55 Heavy Plow
38:01 Bodkin Arrow
51:20 Elite Skirmisher
52:09 Thumb Ring
Dinyo9507
15:30 Feudal Age
16:47 Wheelbarrow
20:18 Castle Age
19:18 Forging
19:16 Scale Barding Armor
20:50 Husbandry
20:43 Double-Bit Axe
21:43 Horse Collar
22:22 Bow Saw
24:25 Loom
25:50 Hand Cart
31:20 Heavy Plow
32:11 Bloodlines
33:02 Elite Skirmisher
33:04 Crossbowman
33:50 Thumb Ring
37:38 Parthian Tactics
38:08 Kamandaran
38:16 Stone Mining
42:33 Imperial Age
40:44 Iron Casting
40:11 Padded Archer Armor
40:56 Gold Mining
41:41 Stone Shaft Mining
42:07 Ballistics
43:36 Heavy Camel Rider
48:37 Blast Furnace
47:57 Chain Barding Armor
47:28 Fletching
52:29 Cavalier
53:58 Savar
55:22 Murder Holes
61:34 Hoardings
61:10 Citadels
bgilly907
10:39 Loom
14:06 Feudal Age
28:01 Castle Age
27:00 Wheelbarrow
29:48 Double-Bit Axe
36:06 Horse Collar
37:53 Hand Cart
42:24 Imperial Age
40:33 Town Watch
42:24 Heavy Plow
42:41 Bow Saw
43:45 Town Patrol
46:32 Fletching
47:05 Ballistics
46:42 Murder Holes
46:18 Elite Leitis
58:55 Conscription
60:15 Forging
60:11 Scale Barding Armor
Connection lost

Rejoining the realm…

Still unreachable

The connection could not be restored.

Session expired

The server has moved on; the page needs a fresh start.